 Dungeon Crawl Stone Soup version 0.14-a0-2632-gd2f732a (webtiles) character file.

125 4tharraofdagon the Bolt Thrower (level 5, 0/32 HPs)
             Began as a Kobold Hunter on Feb 15, 2014.
             Killed by a distortion unwield (28 damage)
             ... on Level 4 of the Dungeon.
             The game lasted 00:02:27 (346 turns).

4tharraofdagon the Bolt Thrower (Kobold Hunter)      Turns: 346, Time: 00:02:28

HP   0/32        AC  3     Str 13      XL: 5   Next:  3%
MP   5/5         EV 13     Int  9      God:
Gold 25          SH  0     Dex 15      Spells:  0 memorised,  4 levels left

rFire  . . .     SeeInvis .     (no weapon)
rCold  . . .     Clarity  .     d - +0 leather armour
rNeg   . . .     Conserve .     (no shield)
rPois  .         rCorr    .     (no helmet)
rElec  .         rRot     .     (no cloak)
SustAb . .       Spirit   .     (no gloves)
rMut   .         Warding  .     (no boots)
Saprov + + .     Stasis   .     (no amulet)
MR     .....                    (no ring)
                                (no ring)

@: not resistant to hostile enchantments, unstealthy
A: disease resistance, carnivore 3, saprovore 2
a: no special abilities


You were on level 4 of the Dungeon.
You were very full.

You visited 1 branch of the dungeon, and saw 4 of its levels.

You collected 25 gold pieces.

Inventory:

Hand weapons
 a - a +0,+0 short sword
 b - a +1,+1 crossbow
 j - a cursed -2,+0 giant club
 n - a +1,+2 falchion of distortion
 o - a +2,+0 elven dagger
 p - a +2,+1 dwarven mace of protection
Missiles
 c - 56 bolts
Armour
 d - a +0 leather armour (worn)
Comestibles
 f - a meat ration
Scrolls
 h - a scroll of fear {unknown}
 i - a scroll of noise {unknown}
 k - a scroll of identify {unknown}
 l - a scroll of blinking {unknown}
Potions
 e - 2 potions of heal wounds {unknown}
 g - a potion of resistance {unknown}
Books
 m - a book of Power

   Spells                             Type                      Level
   Iskenderun's Mystic Blast          Conjuration                  4
   Venom Bolt                         Conjuration/Poison           5
   Bolt of Magma                      Conjuration/Fire/Earth       5
   Fulminant Prism                    Conjuration/Hexes            5
   Iron Shot                          Conjuration/Earth            6
   Orb of Destruction                 Conjuration                  7


   Skills:
 + Level 2.9 Fighting
 * Level 6.4 Crossbows
 - Level 2.4 Dodging
 - Level 1.3 Stealth


You had 4 spell levels left.
You didn't know any spells.

Dungeon Overview and Level Annotations

Branches:
Dungeon (4/16)
 Temple: D:4-7

Altars:


Innate Abilities, Weirdness & Mutations

You recuperate from illness quickly.
You are small and have problems with some larger weapons.
You are carnivorous and can eat meat at any time.
You can eat rotten meat.


Message History

A giant gecko comes into view.
Found a stone staircase leading up.
Found a leather armour.
You see here an elven dagger.
o - an elven dagger
Found 18 bolts.
You see here a glowing dwarven mace.
p - a glowing dwarven mace
Found 9 gold pieces.
The helpless giant gecko fails to defend itself.
You hit the giant gecko.
You kill the giant gecko!
You see here a giant gecko corpse.
c - 56 bolts (gained 18)
You now have 25 gold pieces (gained 9).
Wield which item (- for none, * to show all)? (? for menu, Esc to quit)
Really unwield
n - a +1,+2 falchion of distortion?
You are caught in an extremely strong localised spatial distortion!
Ouch! That really hurt!
You die...

...........#
...[.......#
##.......###
#.......###
#....<%...#
####......#
###.......#
#......####
#....@##
#...### ####


There were no monsters in sight!

Vanquished Creatures
  An ogre (D:4)
  An adder skeleton (D:4)
  2 giant geckos
  A bat (D:4)
  A giant cockroach (D:2)
  A hobgoblin (D:1)
  2 goblins
  4 jackals (D:2)
  A kobold (D:3)
  4 rats
18 creatures vanquished.

Notes
Turn   | Place    | Note
--------------------------------------------------------------
     0 | D:1      | 4tharraofdagon, the Kobold Hunter, began the quest for the Orb.
     0 | D:1      | Reached XP level 1. HP: 12/12 MP: 1/1
    56 | D:1      | Reached skill level 5 in Crossbows
   135 | D:2      | Reached XP level 2. HP: 16/16 MP: 2/2
   223 | D:4      | Noticed an ogre
   226 | D:4      | Killed an ogre
   226 | D:4      | Reached skill level 6 in Crossbows
   226 | D:4      | Reached XP level 3. HP: 18/22 MP: 3/3
   226 | D:4      | Reached XP level 4. HP: 22/27 MP: 4/4
   320 | D:4      | Reached XP level 5. HP: 26/32 MP: 5/5
   346 | D:4      | Killed by a distortion unwield

Action                   |  1- 3 |  4- 6 || total
-------------------------+-------+-------++-------
Melee: Falchion          |       |     8 ||     8
 Fire: Crossbow          |    17 |     7 ||    24
 Stab: Sleeping          |       |     1 ||     1
